 Dungeon Crawl Stone Soup version 0.31-a0-662-g684573625c (webtiles) character file.

Game seed: 17068139521390626697

146 Ekaitz the Digger (level 5, 0/29 HPs)
             Began as a Deep Elf Earth Elementalist on Sept 1, 2023.
             Slain by a centaur zombie (3 damage)
             ... in an ossuary.
             The game lasted 00:18:26 (3754 turns).

Ekaitz the Digger (Deep Elf Earth Elementalist)     Turns: 3754, Time: 00:18:27

Health: 0/29       AC:  2    Str:  5    XL:     5   Next: 7%
Magic:  3/13       EV: 13    Int: 20    God:
Gold:   111        SH:  0    Dex: 17    Spells: 2/12 levels left

rFire   . . .        s - staff of earth
rCold   . . .        (no shield)
rNeg    . . .        a - +0 robe
rPois   .            (no helmet)
rElec   .            (no cloak)
rCorr   .            (no gloves)
SInv    .            (no boots)
Will    .....        (no amulet)
Stlth   ++           (no ring)
HPRegen 0.24/turn    (no ring)
MPRegen 0.13/turn

%: no passive effects
@: no status effects
A: no striking features
a: no special abilities


You were in an ossuary.
You visited 1 branch of the dungeon, and saw 4 of its levels.
You also visited: Ossuary.

You collected 166 gold pieces.
You spent 55 gold pieces at shops.

Inventory:

Hand Weapons
 f - a +2 dagger of draining
 j - the +1 sling "Hell-Harrower" {heavy, rN++ Will+ Str-4}
   (You found it on level 2 of the Dungeon)

   Str-4:     It affects your strength (-4).
   rN++:      It greatly protects you from negative energy.
   Will+:     It increases your willpower.
Missiles
 e - a throwing net
 q - 4 poisoned darts
Armour
 a - a +0 robe (worn)
 r - the +0 leather armour of Kecuufuq {rElec Int-2 Dex+3}
   (You found it on level 3 of the Dungeon)

   Int-2:     It affects your intelligence (-2).
   Dex+3:     It affects your dexterity (+3).
   rElec:     It insulates you from electricity.
Magical Staves
 s - a staff of earth (weapon)
Talismans
 g - a maw talisman
Wands
 n - a wand of flame (16)
Scrolls
 c - 5 scrolls of identify
 d - a scroll of enchant weapon {unknown}
 i - a scroll of acquirement {unknown}
 k - a scroll of amnesia {unknown}
 m - 2 scrolls of teleportation
Potions
 b - a potion of magic
 h - a potion of resistance {unknown}
 l - a potion of lignification {unknown}
 o - a potion of curing {unknown}
 p - a potion of invisibility {unknown}


   Skills:
 + Level 1.2 Fighting
 + Level 0.3 Short Blades
 + Level 2.6 Dodging
 + Level 3.3 Stealth
 + Level 4.0 Spellcasting
 * Level 0.8 Conjurations
 * Level 1.3 Transmutations
 * Level 4.7 Earth Magic


You had 2 spell levels left.
You knew the following spells:

 Your Spells              Type           Power      Damage    Failure   Level
a - Sandblast             Erth           68%        2d15      1%          1
b - Passwall              Tmut/Erth      20%        N/A       5%          2
c - Stone Arrow           Conj/Erth      44%        3d9       12%         3
d - Petrify               Tmut/Erth      24%        N/A       34%         4

Your spell library contained the following spells:

 Spells                   Type           Power      Damage    Failure   Level
 Ozocubu's Armour         Ice            4%         N/A       36%         3
 Ozocubu's Refrigeration  Ice            2%         4d7       100%        7


Dungeon Overview and Level Annotations

Branches:
Dungeon (4/15)            Ossuary (1/1)
 Temple: D:4-7

Altars:
Nemelex Xobeh
Trog

Shops:
D:2 ?

Annotations:
D:2 1 runed translucent door, Crazy Yiuf


Message History

Casting: Sandblast (safe; 1% risk of failure)
Confirm with . or Enter, or press ? or * to list all spells.
Aiming: Sandblast (safe; 1% risk of failure)
Press: ? - help, Shift-Dir - straight line, f/p - jackal zombie
Aim: a jackal zombie (severely damaged, 90% to hit)
You feel a surge of power!
The blast of sand hits the jackal zombie.
You destroy the jackal zombie!
The centaur zombie misses you.
The centaur zombie kicks you but does no damage.
The centaur zombie barely misses you.
The centaur zombie kicks you but does no damage.
Unknown command.
The centaur zombie attacks as it pursues you!
The centaur zombie hits you. The centaur zombie kicks you.
The orc zombie barely misses you.
The centaur zombie hits you but does no damage.
The centaur zombie kicks you. The elf zombie hits you.
The orc zombie closely misses you.
The centaur zombie attacks as it pursues you!
The centaur zombie barely misses you.
The centaur zombie kicks you but does no damage.
The centaur zombie attacks as it pursues you!
The centaur zombie hits you.
The centaur zombie completely misses you.
The elf zombie hits you.
* * * LOW HITPOINT WARNING * * *
The orc zombie attacks as it pursues you!
The orc zombie hits you.
* * * LOW HITPOINT WARNING * * *
The centaur zombie attacks as it pursues you!
The centaur zombie hits you.
* * * LOW HITPOINT WARNING * * *
The centaur zombie closely misses you. The elf zombie barely misses you.
The centaur zombie barely misses you. x2
The centaur zombie attacks as it pursues you!
The centaur zombie barely misses you. The centaur zombie misses you.
The centaur zombie attacks as it pursues you!
The centaur zombie hits you.
You die...

#..Z#.......####Z#...#
#...#.......# #.Z.#
#...#.......# #Z..#
#...#.....∩.# #ZM.#
#...####+.... #...#
#...# #...# #Z..#
#...# #...# #Z..#
#...##############...#
#.....Z.........@Z...#
#.........∩∩....Z....#
######################


You could see a kobold zombie and a centaur zombie.

Vanquished Creatures
  Terence (D:2)
  3 adders
  A worm (D:3)
  2 dart slugs
  An orc (D:3)
  5 ball pythons
  8 endoplasms
  A giant cockroach (D:3)
  6 goblins
  7 hobgoblins
  4 jackals (D:3)
  4 kobolds
  3 quokkas
  8 bats
  7 frilled lizards
  7 hobgoblin zombies (Ossuary)
  A jackal zombie (Ossuary)
  5 kobold zombies (Ossuary)
  10 orc zombies (Ossuary)
  3 rats
87 creatures vanquished.

Notes
Turn   | Place    | Note
-------+----------+-------------------------------------------
     0 | D:1      | Ekaitz the Deep Elf Earth Elementalist began the quest for
                  | the Orb.
     0 | D:1      | Reached XP level 1. HP: 10/10 MP: 6/6
    66 | D:1      | Reached XP level 2. HP: 15/15 MP: 2/8
    69 | D:1      | Learned a level 2 spell: Passwall
   337 | D:1      | Reached XP level 3. HP: 19/19 MP: 5/10
   735 | D:2      | Identified the +1 sling "Hell-Harrower" {heavy, rN++ Will+
                  | Str-4}
   846 | D:2      | Learned a level 3 spell: Stone Arrow
   876 | D:2      | Found a runed translucent door.
   877 | D:2      | Noticed Crazy Yiuf
   964 | D:2      | Noticed Terence
   975 | D:2      | Killed Terence
   976 | D:2      | Reached XP level 4. HP: 8/24 MP: 0/11
   981 | D:2      | Learned a level 4 spell: Petrify
  1169 | D:2      | Found Qeokhooc's Magic Scroll Boutique.
  1175 | D:2      | Bought a scroll of teleportation for 33 gold pieces
  1175 | D:2      | Bought a scroll of identify for 22 gold pieces
  1438 | D:3      | Reached skill level 1 in Fighting
  2053 | D:3      | Identified the +0 leather armour of Kecuufuq {rElec Int-2
                  | Dex+3}
  2830 | D:3      | Found a bloodstained altar of Trog.
  2856 | D:3      | Found a sparkling altar of Nemelex Xobeh.
  2978 | D:4      | Found a sand-covered staircase.
  2985 | Ossuary  | Entered an ossuary
  3201 | Ossuary  | Reached XP level 5. HP: 29/29 MP: 1/13
  3754 | Ossuary  | Slain by a centaur zombie

Illustrated notes

Levels and vault maps discovered:
D:1:      matt_arrival_grand_opening, layout_rooms
D:2:      layout_loops_ring, serial_shops, shop, uniq_terence,
          uniq_crazy_yiuf_cottage
D:3:      layout_loops_ring, mainiacjoe_overflow_big_doors
D:4:      layout_loops_corners, grunt_temple_overflow_forces_of_nature,
          nicolae_dithmenos_through_a_glass_darkly,
          beargit_hepliaklqana_dungeon_heroes, chequers_ossuary_entry_cave,
          serial_bayou_pond_d, dk_rats_in_the_wall
Ossuary:  ossuary_tomb_1

Skill      XL: |  1  2  3  4 |
---------------+-------------+-----
Earth Magic    | 4 |  4.7
Stealth        | 3 |  3.3
Fighting       | 1 |  1.2
Spellcasting   | 4 |  4.0
Short Blades   | |  0.3
Dodging        | |  2.6
Conjurations   | |  0.8
Transmutations | |  1.3

Action                     |  1- 3 |  4- 6 || total
---------------------------+-------+-------++-------
  Melee: Dagger            |    17 |    58 ||    75
         Punch             |     1 |       ||     1
         Staff             |       |     1 ||     1
   Cast: Sandblast         |    38 |     4 ||    42
         Stone Arrow       |     4 |    42 ||    46
         Passwall          |     2 |     7 ||     9
  Evoke: Wand              |       |     1 ||     1
   Stab: Sleeping          |     2 |    12 ||    14
 Armour: Robe              |    16 |    56 ||    72
  Dodge: Dodged            |    15 |    66 ||    81

Table legend: (Time is in decaauts)
 A = Elapsed time spent in this place.
 B = Non-inter-level travel time spent in this place.
 C = Inter-level travel time spent in this place.
 D = Time resting spent in this place.
 E = Time spent auto-exploring this place.
 F = Levels seen in this place.
 G = Mean time per level.
                   A        B        C        D        E       F      G
               +--------+--------+--------+--------+--------+-----+--------+
         Total |   3772 |   3604 |    168 |    193 |   2374 |   5 |  754.4 |
       Dungeon |   3001 |   2833 |    168 |     37 |   2044 |   4 |  750.2 |
       Ossuary |    770 |    770 |      0 |    156 |    330 |   1 |  770.0 |
               +--------+--------+--------+--------+--------+-----+--------+

Top non-repeatable levels by time:
     D:3: 1152 daAuts
     D:2: 1080 daAuts
 Ossuary: 770 daAuts
     D:1: 727 daAuts
     D:4: 41 daAuts
